 Dungeon Crawl Stone Soup version 0.21.1-1-g345015fe64 (webtiles) character file.

210 Lothor the Quickloader (level 6, 0/35 HPs)
             Began as a Kobold Hunter on Apr 7, 2018.
             Killed from afar by an orc wizard (10 damage)
             ... with a puff of flame
             ... on level 4 of the Dungeon.
             The game lasted 00:07:25 (2789 turns).

Lothor the Quickloader (Kobold Hunter)              Turns: 2789, Time: 00:07:26

Health: 0/35       AC:  8    Str:  9    XL:     6   Next: 12%
Magic:  6/6        EV: 13    Int: 12    God:
Gold:   167        SH:  0    Dex: 18    Spells: 5/5 levels left

rFire    . . .     SeeInvis +   a - +1 hand crossbow
rCold    . . .     Gourm    .   (shield restricted)
rNeg     . . .     Faith    .   o - +1 ring mail {rPois}
rPois    +         Spirit   .   y - +0 helmet {SInv}
rElec    .         Reflect  .   (no cloak)
rCorr    .         Harm     .   m - +0 pair of gloves (curse)
MR       .....                  (no boots)
Stlth    +.........             (no amulet)
HPRegen  0.11/turn              (no ring)
MPRegen  0.10/turn              (no ring)

@: no status effects
A: small, carnivore
a: no special abilities


You were on level 4 of the Dungeon.
You were completely stuffed.

You visited 1 branch of the dungeon, and saw 4 of its levels.

You collected 167 gold pieces.

Inventory:

Hand Weapons
 a - a +1 hand crossbow (weapon)
 b - a +0 short sword
Missiles
 d - 31 bolts (quivered)
 h - 227 stones
 i - 41 arrows
 q - 2 throwing nets
 x - 15 sling bullets
Armour
 m - a cursed +0 pair of gloves (worn)
 o - a +1 ring mail of poison resistance (worn)
 y - a +0 helmet of see invisible (worn)
Wands
 v - a wand of disintegration (2)
Scrolls
 e - 4 scrolls of identify {unknown}
 k - a scroll of teleportation {unknown}
 t - a scroll of noise {unknown}
 u - a scroll of fear {unknown}
 w - a scroll of remove curse {unknown}
Potions
 g - 2 potions of mutation {unknown}
 j - a potion of flight {unknown}
 l - 2 potions of brilliance {unknown}
 n - a potion of curing {unknown}
 p - a potion of berserk rage {unknown}
 r - a potion of ambrosia {unknown}
 s - a potion of magic {unknown}
 A - a potion of heal wounds {unknown}
Comestibles
 f - 10 rations
 z - 5 chunks of flesh


   Skills:
 - Level 2.1 Fighting
 + Level 8.3 Crossbows
 - Level 2.4 Dodging
 - Level 1.3 Stealth


You had 5 spell levels left.
You didn't know any spells.

Dungeon Overview and Level Annotations

Branches:
Dungeon (4/15)
 Temple: D:4-7

Altars:
Nemelex Xobeh
Vehumet
Xom
Yredelemnul


Innate Abilities, Weirdness & Mutations

You are small and have problems with some larger weapons.
You are carnivorous and can eat meat at any time.


Message History

You have reached level 6!
Your experience leads to an increase in your attributes!
Increase (S)trength, (I)ntelligence, or (D)exterity?
You feel agile.
You butcher the orc corpse.
d - 32 bolts (gained 1);
z - 5 chunks of flesh (gained 3)
Things that are here:
a dagger; a robe You start resting.
An orc wizard comes into view. It is wielding a dagger.
The orc wizard shouts!
The orc wizard casts a cantrip, but nothing happens.
You see here a +0 leather armour.
Firing (i - inventory. (,) - cycle):
d - 32 bolts (quivered)
Press: ? - help, Shift-Dir - straight line, f - orc wizard
Aim: an orc wizard, wielding a dagger and wearing a robe You shoot a bolt.
The bolt barely misses the orc wizard.
The orc wizard casts a spell at you. The puff of flame hits you!
You die...

#..........#.###.)######.#
#...#...#...####..#
#..###.###........#
#...#...#.....##o##
#....._......#.#[# ###
##...#...#...###..# #.[
....###.###...#.#.# #.#
##...#...#.....##.## #(#
##..............@..# #.#
#.#.####.#####.##..#####.#
.###.....### #.##........#
#.#.####.#.. .###.#####.##
##.## #.#.# #.# #..# #.#
#.#.# #.# #..# #.# #.#.#
#.# #..# #.### #.#.# #.#
#..# #...#
#.#.#######.#####..#


You could see an orc wizard.

Vanquished Creatures
  A howler monkey (D:4)
  2 orc wizards (D:4)
  An iguana (D:4)
  2 adders
  2 oozes
  2 worms (D:3)
  2 orcs
  A giant cockroach (D:1)
  9 goblins
  4 hobgoblins
  6 jackals
  A quokka (D:3)
  8 bats
  3 frilled lizards
  8 kobolds
  6 rats
58 creatures vanquished.

Notes
Turn   | Place    | Note
-------+----------+-------------------------------------------
     0 | D:1      | Lothor the Kobold Hunter began the quest for the Orb.
     0 | D:1      | Reached XP level 1. HP: 12/12 MP: 1/1
    79 | D:1      | Reached skill level 5 in Crossbows
   128 | D:1      | Reached XP level 2. HP: 17/17 MP: 2/2
   468 | D:1      | You fall through a shaft!
   746 | D:2      | Reached XP level 3. HP: 21/21 MP: 3/3
   805 | D:2      | Reached skill level 6 in Crossbows
  1063 | D:2      | Found a sparkling altar of Nemelex Xobeh.
  1535 | D:3      | Reached XP level 4. HP: 26/26 MP: 4/4
  1631 | D:3      | Found a basalt altar of Yredelemnul.
  1632 | D:3      | Found a shimmering altar of Xom.
  2376 | D:4      | Reached skill level 7 in Crossbows
  2377 | D:4      | Found a radiant altar of Vehumet.
  2591 | D:4      | Reached XP level 5. HP: 30/30 MP: 5/5
  2766 | D:4      | Reached skill level 8 in Crossbows
  2773 | D:4      | Reached XP level 6. HP: 8/35 MP: 6/6
  2789 | D:4      | Killed from afar by an orc wizard

Skill      XL: |  1  2  3  4  5 |
---------------+----------------+-----
Crossbows      | 5 6 7 8 |  8.3
Fighting       | |  2.1
Dodging        | |  2.4
Stealth        | |  1.3

Action                   |  1- 3 |  4- 6 || total
-------------------------+-------+-------++-------
 Fire: Hand crossbow     |    89 |    72 ||   161
  Eat: Chunk             |     9 |     5 ||    14
Armor: Leather armour    |    12 |    10 ||    22
       Ring mail         |       |     2 ||     2
Dodge: Dodged            |    39 |    25 ||    64
